 Dungeon Sprint DCSS version 0.27-a0-684-g359e429f13 (webtiles) character file.

Game seed: 652113867885547712

58 Gaff the Slinger (level 4, -3/29 HPs)
             Began as a Halfling Hunter on Mar 20, 2021.
             Splashed by an oklob sapling priest's acid (9 damage)
             ... in the Dungeon (Sprint IV: "Fedhas' Mad Dash").
             The game lasted 00:01:47 (545 turns).

Gaff the Slinger (Halfling Hunter)                   Turns: 545, Time: 00:01:48

Health: -3/29      AC:  3    Str: 13    XL:     4   Next: 21%
Magic:  4/4        EV: 16    Int:  9    God:
Gold:   63         SH:  0    Dex: 15    Spells: 3/3 levels left

rFire    . . .     SeeInvis .   a - +1 hunting sling
rCold    . . .     Faith    .   (shield restricted)
rNeg     . . .     Spirit   .   c - +0 leather armour
rPois    .         Reflect  .   (no helmet)
rElec    .         Harm     .   (no cloak)
rCorr    .         Rampage  .   (no gloves)
Will     .....     NoTele   +   (no boots)
Stlth    ++........             f - amulet of invisibility {+Inv}
HPRegen  0.09/turn              (no ring)
MPRegen  0.09/turn              (no ring)

@: no status effects
A: small, no large weapons, mutation resistance 1
a: Evoke Invisibility


You were in the Dungeon.
You visited 1 branch You collected 63 gold pieces.

Inventory:

Hand Weapons
 a - a +1 hunting sling (weapon)
 b - a +0 short sword
Missiles
 d - 13 sling bullets (quivered ammo)
Armour
 c - a +0 leather armour (worn)
Jewellery
 f - the amulet of invisibility (around neck) {+Inv}
   (You found it in the Dungeon)

   [amulet of nothing]

   It lets you turn invisible.
Scrolls
 j - a scroll of blinking
Potions
 e - a potion of might {unknown}
 g - a potion of haste
 h - 2 potions of magic
 i - a potion of berserk rage
 k - a potion of brilliance {unknown}


   Skills:
 - Level 1.7 Fighting
 * Level 10.4 Slings
 + Level 5.1 Dodging
 - Level 1.1 Stealth


You had 3 spell levels left.
You didn't know any spells.
Your spell library was empty.

Dungeon Overview and Level Annotations

Branches:
Dungeon (1/1)

Altars:
Cheibriados
Gozag
Hepliaklqana
Makhleb
Nemelex Xobeh
Ru
Sif Muna
Trog
Wu Jian
Xom
Yredelemnul
Beogh
Jiyva

Annotations:
D exclusion: oklob sapling


Innate Abilities, Weirdness & Mutations

You are small and have problems with some larger weapons.
You are somewhat resistant to further mutation.


Message History

Aim: an oklob sapling priest (lightly damaged, 98% to hit)
You shoot a sling bullet.
The sling bullet hits the oklob sapling priest.
The oklob sapling priest is lightly damaged.
Fire: 18 sling bullets
Press: ? - help, Q - select action, (/) - cycle Shift-Dir - straight line, f/p - oklob sapling priest
Aim: an oklob sapling priest (lightly damaged, 98% to hit)
You shoot a sling bullet.
The sling bullet hits the oklob sapling priest but does no damage.
The oklob sapling priest is lightly damaged.
You shoot a sling bullet.
The sling bullet hits the oklob sapling priest but does no damage.
The oklob sapling priest is lightly damaged.
The oklob sapling priest mumbles some strange prayers to its god against you.
Something smites you!
You are too injured to fight recklessly!
You are too injured to fight recklessly!
Fire: 16 sling bullets
Press: ? - help, Q - select action, (/) - cycle Shift-Dir - straight line, f/p - oklob sapling priest
Aim: an oklob sapling priest (lightly damaged, 98% to hit)
You shoot a sling bullet.
The sling bullet hits the oklob sapling priest!
The oklob sapling priest is almost destroyed.
Fire: 15 sling bullets
Press: ? - help, Q - select action, (/) - cycle Shift-Dir - straight line, f/p - oklob sapling priest
Aim: an oklob sapling priest (almost destroyed, 98% to hit)
You shoot a sling bullet.
The sling bullet hits the oklob sapling priest but does no damage.
The oklob sapling priest is almost destroyed.
Fire: 14 sling bullets
Press: ? - help, Q - select action, (/) - cycle Shift-Dir - straight line, f/p - oklob sapling priest
Aim: an oklob sapling priest (almost destroyed, 98% to hit)
You shoot a sling bullet.
The sling bullet hits the oklob sapling priest but does no damage.
The oklob sapling priest is almost destroyed.
The oklob sapling priest spits acid at you.
The splash of acid hits you!
* * * LOW HITPOINT WARNING * * *
You are splashed with acid!
You die...

########################
<...#.....#.....#.⌠._._.
PP..'...÷.'.#.[.@.._._._
PPPP#.....#.#...#..._._P
##############+##.._._._
._._._. #######


You could see an oklob sapling priest.

Vanquished Creatures
  An oklob sapling (D)
  A worker ant (D)
  A river rat (D)
  A rat (D)
4 creatures vanquished.

Vanquished Creatures (others)
  A fungus (D)
1 creature vanquished.

Grand Total: 5 creatures vanquished

Notes
Turn   | Place    | Note
-------+----------+-------------------------------------------
     0 | D        | Gaff the Halfling Hunter began the quest for the Orb.
     0 | D        | Reached XP level 1. HP: 14/14 MP: 1/1
    27 | D        | Reached skill level 7 in Slings
    27 | D        | Reached XP level 2. HP: 5/19 MP: 2/2
   277 | D        | Noticed an oklob sapling
   278 | D        | Killed an oklob sapling
   279 | D        | Reached skill level 9 in Slings
   279 | D        | Reached XP level 3. HP: 24/24 MP: 3/3
   285 | D        | Found the amulet of invisibility {+Inv}
   310 | D        | HP: 1/24 [poisoned by a worker ant]
   311 | D        | Reached skill level 10 in Slings
   311 | D        | Reached skill level 5 in Dodging
   311 | D        | Reached XP level 4. HP: 1/29 MP: 4/4
   537 | D        | Found an opulent altar of Gozag.
   537 | D        | Found a hazy altar of Hepliaklqana.
   537 | D        | Found a burning altar of Makhleb.
   537 | D        | Found a sparkling altar of Nemelex Xobeh.
   537 | D        | Found a snail-covered altar of Cheibriados.
   537 | D        | Found a sacrificial altar of Ru.
   537 | D        | Found a shimmering blue altar of Sif Muna.
   537 | D        | Found a shimmering altar of Xom.
   537 | D        | Found a basalt altar of Yredelemnul.
   538 | D        | Found a viscous altar of Jiyva.
   538 | D        | Found a bloodstained altar of Trog.
   538 | D        | Found an ornate altar of the Wu Jian Council.
   538 | D        | Noticed an oklob sapling priest
   545 | D        | Splashed by an oklob sapling priest's acid

Illustrated notes

Levels and vault maps discovered:
D:        dungeon_sprint_fedhas [sprint_temple]

Skill      XL: |  1  2  3 |
---------------+----------+-----
Slings         | 7 9 10 | 10.4
Dodging        | 3 4 5 |  5.1
Fighting       | |  1.7
Stealth        | |  1.1

Action                   |  1- 3 |  4- 6 || total
-------------------------+-------+-------++-------
Melee: Short sword       |    31 |       ||    31
 Fire: Hunting sling     |     6 |     7 ||    13
  Use: Potion            |     1 |     1 ||     2
Armor: Leather armour    |     2 |       ||     2
Dodge: Dodged            |    29 |       ||    29

Table legend: (Time is in decaauts)
 A = Elapsed time spent in this place.
 B = Non-inter-level travel time spent in this place.
 C = Inter-level travel time spent in this place.
 D = Time resting spent in this place.
 E = Time spent auto-exploring this place.
 F = Levels seen in this place.
 G = Mean time per level.
                   A        B        C        D        E       F      G
               +--------+--------+--------+--------+--------+-----+--------+
         Total |    542 |    542 |      0 |    426 |      0 |   1 |  542.0 |
       Dungeon |    542 |    542 |      0 |    426 |      0 |   1 |  542.0 |
               +--------+--------+--------+--------+--------+-----+--------+

Top non-repeatable levels by time:
       D: 542 daAuts
